 Dungeon Crawl Stone Soup version 0.17.1-1-g73c8601 (webtiles) character file.

51 Andry07 the Slasher (level 3, -1/19 HPs)
             Began as a Vine Stalker Fighter on Dec 29, 2015.
             Was an Initiate of the Shining One.
             Slain by Sigmund
             ... wielding a +0 scythe
              (9 damage)
             ... on level 3 of the Dungeon.
             The game lasted 00:03:11 (1212 turns).

Andry07 the Slasher (Vine Stalker Fighter)          Turns: 1212, Time: 00:03:11

Health: -1/19      AC:  6    Str: 19    XL:     3   Next: 81%
Magic:  0/4        EV:  7    Int:  8    God:    the Shining One [......]
Gold:   103        SH:  0    Dex: 13    Spells: 0 memorised, 2 levels left

rFire  . . .     SeeInvis .     a - +0 long sword
rCold  . . .     Clarity  .     b - +0 scale mail
rNeg   . . .     SustAt   .     c - +0 shield
rPois  .         Gourm    .     (no helmet)
rElec  .         Spirit   +     (no cloak)
rCorr  .         Warding  .     (no gloves)
rMut   .         Stasis   .     (no boots)
MR     .....                    (no amulet)
Stlth  ..........               (no ring)
                                (no ring)

@: confused, not resistant to hostile enchantments, extremely unstealthy
A: fangs 2, regeneration 1, magic shield, antimagic bite, no device heal 3, rot
immunity
a: Renounce Religion


You were on level 3 of the Dungeon.
You worshipped the Shining One.
The Shining One was noncommittal.
You were not hungry.

You visited 1 branch of the dungeon, and saw 3 of its levels.

You collected 103 gold pieces.

Inventory:

Hand Weapons
 a - a +0 long sword (weapon)
Armour
 b - a +0 scale mail (worn)
 c - a +0 shield (worn)
Jewellery
 g - an uncursed ring of magical power {unknown}
Scrolls
 k - a scroll of fear {unknown}
 n - a scroll of enchant weapon {unknown}
 p - a scroll of remove curse {unknown}
Potions
 d - a potion of might
 f - a potion of degeneration {unknown}
 i - 2 potions of curing {unknown}
 j - 2 potions of cancellation {unknown}
 l - 2 potions of brilliance {unknown}
 m - a potion of invisibility {unknown}
 o - a potion of ambrosia {unknown}
Comestibles
 e - 2 bread rations
 h - 2 meat rations
 q - a beef jerky


   Skills:
 - Level 2.6 Fighting
 * Level 3.6 Long Blades
 - Level 2.4 Armour
 - Level 2.6 Shields


You had 2 spell levels left.
You didn't know any spells.

Dungeon Overview and Level Annotations

Branches:
Dungeon (3/15)

Altars:
Yredelemnul
The Shining One

Annotations:
D:3 Sigmund


Innate Abilities, Weirdness & Mutations

You have extremely sharp teeth.
Your natural rate of healing is unusually fast.
When hurt, damage is shared between your health and your magic reserves.
Your bite disrupts and absorbs the magic of your enemies.
Potions and wands cannot restore your health.
You are immune to rotting.


Message History

Level annotation: Sigmund Sigmund hits you but does no damage.
There is a stone staircase leading up here.
Sigmund hits you with a scythe.
You barely miss Sigmund. Your bite misses Sigmund.
Sigmund is heavily wounded.
Sigmund gestures at you while chanting.
You are confused.
Sigmund whispers, "You'll know eternity soon."
Sigmund casts a spell at you.
You are more confused.
You miss Sigmund. You bite Sigmund.
Sigmund's magic leaks into the air.
You drain his magic.
You feel invigorated.
Sigmund is heavily wounded.
Sigmund points at you and mumbles some strange words.
The puff of flame hits you!
Sigmund hits you from afar with a scythe.
Sigmund hits you but does no damage.
You're too confused to move!
Sigmund hits you with a scythe!
You die...

.... #..# ..# #..# ...
##..### .. ..... .
#.###...# .. #. ..##...#
.# #. #.##.<.# ..
#.##.##.@.# .#!#
##.......@.##.?..#
#.....##......#
#.[...##.#.######### ####
#..................# #...
#..................# #...
#.....##(..........####...
##....................'...
##........###......###...


You could see Sigmund.

Vanquished Creatures
  A worm (D:2)
  A giant gecko (D:2)
  2 giant cockroaches (D:1)
  2 gnoll zombies (D:2)
  4 goblins
  6 hobgoblins
  A quokka (D:2)
  A ball python (D:1)
  9 bats
  4 giant newts
  6 kobolds
  8 rats
45 creatures vanquished.

Notes
Turn   | Place    | Note
--------------------------------------------------------------
     0 | D:1      | Andry07 the Vine Stalker Fighter began the quest for the Orb.
     0 | D:1      | Reached XP level 1. HP: 11/11 MP: 2/2
    99 | D:1      | Reached XP level 2. HP: 16/16 MP: 3/3
   210 | D:1      | Found a glowing golden altar of the Shining One.
   219 | D:1      | Became a worshipper of the Shining One
   312 | D:1      | Reached skill level 3 in Long Blades
   393 | D:1      | Reached XP level 3. HP: 19/19 MP: 4/4
   897 | D:2      | Found a basalt altar of Yredelemnul.
  1017 | D:3      | Noticed Sigmund
  1212 | D:3      | Slain by Sigmund

Action                   || total
-------------------------++-------
Melee: Long sword        ||   162
  Eat: Chunk             ||     1
